 Dungeon Crawl Stone Soup version 0.20.0-10-g0535bb4 (webtiles) character file.

122 Inarius the Gusty (level 4, 0/34 HPs)
             Began as a Draconian Air Elementalist on June 4, 2017.
             Killed from afar by an orc wizard (9 damage)
             ... with a magic dart
             ... on level 2 of the Dungeon.
             The game lasted 00:09:55 (3225 turns).

Inarius the Gusty (Draconian Air Elementalist)      Turns: 3225, Time: 00:09:55

Health: 0/34       AC:  6    Str: 11    XL:     4   Next: 78%
Magic:  2/7        EV: 12    Int: 16    God:
Gold:   161        SH:  0    Dex: 11    Spells: 2/8 levels left

rFire    . . .     SeeInvis .   i - +1 mace (holy)
rCold    . . .     Gourm    .   (no shield)
rNeg     . . .     Faith    +   (armour unavailable)
rPois    .         Spirit   .   (helmet restricted)
rElec    .         Reflect  .   q - +0 cloak
rCorr    +         Harm     .   (no gloves)
MR       .....                  (no boots)
Stlth    ++........             m - amulet of faith
Regen    0.2/turn               g - ring of resist corrosion
MPRegen  0.1/turn               (no ring)

@: very slightly contaminated
A: unfitting armour, cold-blooded, AC +5
a: no special abilities


You were on level 2 of the Dungeon.
You were not hungry.

You visited 1 branch of the dungeon, and saw 3 of its levels.

You collected 161 gold pieces.

Inventory:

Hand Weapons
 i - a +1 mace of holy wrath (weapon)
Armour
 q - a +0 cloak (worn)
Jewellery
 g - a ring of resist corrosion (left hand)
 m - an amulet of faith (around neck)
Scrolls
 c - a scroll of identify
 e - a scroll of magic mapping
 f - 6 scrolls of teleportation {unknown}
 h - a scroll of noise {unknown}
 j - 2 scrolls of remove curse
Potions
 d - 2 potions of invisibility {unknown}
 l - a potion of mutation {unknown}
 n - a potion of lignification {unknown}
 p - a potion of might {unknown}
Books
 a - a book of Air

   Spells                             Type                      Level
   a - Shock                          Conjuration/Air              1
   b - Swiftness                      Charms/Air                   2
   c - Static Discharge               Conjuration/Air              3
   d - Airstrike                      Air                          4
   e - Lightning Bolt                 Conjuration/Air              5
Comestibles
 b - a bread ration
 k - 4 fruits


   Skills:
 + Level 0.4 Fighting
 * Level 1.8 Dodging
 - Level 1.8 Stealth
 + Level 2.6 Spellcasting
 * Level 3.1 Conjurations
 + Level 4.0 Air Magic


You had 2 spell levels left.
You knew the following spells:

 Your Spells              Type           Power        Failure   Level  Hunger
a - Shock                 Conj/Air       ##..         4%          1    #......
b - Swiftness             Chrm/Air       #.......     13%         2    ##.....
c - Static Discharge      Conj/Air       ##......     14%         3    ###....


Dungeon Overview and Level Annotations

Branches:
Dungeon (3/15)

Altars:
Nemelex Xobeh

Annotations:
D:3 mcbry's ghost, novice FoFi


Innate Abilities, Weirdness & Mutations

Your plain brown scales are hard. (AC +5)
You cannot fit into any form of body armour.
You are cold-blooded and may be slowed by cold attacks.


Message History

The puff of flame hits you! The orc hits you but does no damage.
Something hits you but does no damage. The orc barely misses you.
You hear some strange, mumbled words.
Something tries to affect you, but you resist.
You're too confused to move!
The orc barely misses you. Something hits you but does no damage.
You're too confused to move!
The orc barely misses you. The orc hits you with a flail.
* * * LOW HITPOINT WARNING * * *
Something hits you but does no damage.
You closely miss the orc.
The orc is heavily wounded.
You feel less confused. The orc closely misses you. The orc misses you.
Something barely misses you. The orc hits you with a short sword.
* * * LOW HITPOINT WARNING * * *
Okay, then.
A magic dart appears from out of thin air!
The magic dart hits you!
You die...

#.# #.# #.# #.#
#.##############.#
####>............)...
#...[..#############'
#......# ########.
#..{oo.# ##.§§.§#.
####.### ##§.§§§#.
#@# ##§§§§.#. #.#
##.§§.§#. #.#
##§§§§§#.
#.###############.
#........#≈.......
#################.
#.......##§§§§.#.
#.########§§§§§#.
#.......##§.§§§#.


You could see 2 orcs.

Vanquished Creatures
  An orc wizard (D:3)
  2 adders (D:2)
  An ooze (D:3)
  A worm (D:2)
  A dart slug (D:1)
  A leopard gecko (D:3)
  3 orcs
  A ball python (D:1)
  3 giant cockroaches
  10 goblins
  4 hobgoblins
  8 jackals
  10 bats
  A frilled lizard (D:2)
  2 kobolds
  8 rats
57 creatures vanquished.

Vanquished Creatures (others)
  A giant cockroach (D:3)
  A frilled lizard (D:2)
2 creatures vanquished.

Grand Total: 59 creatures vanquished

Notes
Turn   | Place    | Note
-------+----------+-------------------------------------------
     0 | D:1      | Inarius the Draconian Air Elementalist began the quest for the Orb.
     0 | D:1      | Reached XP level 1. HP: 14/14 MP: 3/3
   516 | D:1      | Reached XP level 2. HP: 20/20 MP: 3/5
   520 | D:1      | Learned a level 2 spell: Swiftness
  1298 | D:2      | Reached XP level 3. HP: 26/26 MP: 1/6
  2032 | D:2      | Found a sparkling altar of Nemelex Xobeh.
  2384 | D:2      | Learned a level 3 spell: Static Discharge
  2577 | D:3      | Noticed mcbry's ghost (novice FoFi)
  2635 | D:2      | Reached XP level 4. HP: 21/33 MP: 0/7
  2789 | D:3      | Found a glowing drain.
  3150 | D:2      | Reached skill level 4 in Air Magic
  3225 | D:2      | Killed from afar by an orc wizard

Skill      XL: |  1  2  3  4 |
---------------+-------------+-----
Conjurations   | 2 3 |  3.1
Air Magic      | 4 |  4.0
Fighting       | |  0.4
Dodging        | |  1.8
Stealth        | |  1.8
Spellcasting   | |  2.6

Action                   |  1- 3 |  4- 6 || total
-------------------------+-------+-------++-------
Melee: Dagger            |     3 |       ||     3
       Tailslap          |     2 |     1 ||     3
       Mace              |    26 |    12 ||    38
 Cast: Shock             |    78 |    20 ||    98
       Static Discharge  |     2 |     5 ||     7
  Use: Scroll            |       |     2 ||     2
  Eat: Chunk             |     6 |       ||     6
       Bread ration      |       |     1 ||     1
Armor: Skin              |    21 |    25 ||    46
Dodge: Dodged            |    38 |    47 ||    85
